 Dungeon Crawl Stone Soup version 0.20-a0-1124-g2e29d97 (webtiles) character file.

7576 uglyjohn the Bludgeoner (level 11, -21/90 HPs)
             Began as a Gargoyle Berserker on May 15, 2017.
             Was a High Priest of Trog.
             Demolished by an orc warrior
             ... wielding a +0 trident
              (23 damage)
             ... in a bailey on May 16, 2017.
             The game lasted 00:21:12 (8359 turns).

uglyjohn the Bludgeoner (Gargoyle Berserker)        Turns: 8359, Time: 00:21:13

Health: -21/90     AC: 20    Str: 29    XL:     11   Next: 17%
Magic:  11/11      EV:  9    Int:  7    God:    Trog [*****.]
Gold:   432        SH:  3    Dex: 10    Spells: 10/10 levels left

rFire    . . .     SeeInvis .   a - +1 morningstar
rCold    . . .     Gourm    .   (no shield)
rNeg     + + .     Faith    .   B - +4 chain mail
rPois    ∞         Spirit   .   (no helmet)
rElec    +         Reflect  +   (no cloak)
rCorr    .         Harm     .   (no gloves)
MR       ++...                  (no boots)
Stlth    ..........             R - +3 amulet of reflection
Regen    1.3/turn               e - ring of positive energy
MPRegen  0.2/turn               L - ring of flight

@: berserking (expiring), regenerating, very quick
A: negative energy resistance 1, electricity resistance, unbreathing,
petrification resistance, rot immunity, AC +7
a: Berserk, Trog's Hand, Brothers in Arms, Burn Spellbooks, Renounce Religion,
Evoke Flight


You were in a bailey.
You worshipped Trog.
Trog was extremely pleased with you.
You were very hungry.

You visited 1 branch of the dungeon, and saw 9 of its levels.
You also visited: Ossuary and Bailey.

You collected 432 gold pieces.

Inventory:

Hand Weapons
 a - a +1 morningstar (weapon)
 b - a +0 arbalest
 y - a +3 flail
Missiles
 h - 238 bolts
Armour
 x - a +0 shield
 B - a +4 chain mail (worn)
Jewellery
 e - a ring of positive energy (left hand)
 t - an uncursed ring of fire
 I - an uncursed amulet of harm
 K - an uncursed ring of resist corrosion
 L - a ring of flight (right hand)
 Q - an uncursed amulet of magic regeneration
 R - a +3 amulet of reflection (around neck)
Wands
 d - a wand of confusion (9/48)
 C - a wand of disintegration (13/24)
Scrolls
 g - a scroll of identify
 i - 3 scrolls of enchant armour {unknown}
 l - a scroll of fog {unknown}
 o - a scroll of recharging {unknown}
 p - 7 scrolls of teleportation
 r - a scroll of immolation {unknown}
 u - a scroll of enchant weapon
 z - 6 scrolls of remove curse
 D - a scroll of fear
 F - 2 scrolls of noise {unknown}
 G - a scroll of blinking {unknown}
 J - 3 scrolls of magic mapping
 N - a scroll of summoning {unknown}
Potions
 k - a potion of berserk rage
 n - 4 potions of agility
 q - 3 potions of heal wounds
 s - a potion of invisibility
 v - a potion of haste
 w - 7 potions of curing
 A - a potion of resistance
 E - a potion of brilliance {unknown}
 H - a potion of mutation
 M - a potion of magic {unknown}
 P - 2 potions of flight
Comestibles
 c - 9 bread rations
 f - 5 meat rations
 j - 4 fruits
 m - 17 royal jellies
 O - 4 chunks of flesh


   Skills:
 + Level 3.5 Fighting
 - Level 16.0 Maces & Flails
 + Level 1.1 Crossbows
 - Level 2.1 Armour
 - Level 1.5 Dodging


You had 10 spell levels left.
You didn't know any spells.

Dungeon Overview and Level Annotations

Branches:
Dungeon (9/15)             Temple (0/1) D:5            Lair (0/6) D:8
    Orc (0/2) D:9

Altars:
Fedhas
Gozag
Kikubaaqudgha
Nemelex Xobeh
Vehumet


Innate Abilities, Weirdness & Mutations

You are resistant to torment.
Your stone body is resilient. (AC +7)
You are immune to poison.
You resist negative energy. (rN+)
You are resistant to electric shocks. (rElec)
You can survive without breathing.
You are immune to petrification.
You are immune to rotting.


Message History

The orc warrior barely misses you.
You barely miss the orc knight.
The orc knight is moderately wounded.
You bludgeon the orc knight!!
The orc knight is heavily wounded.
You block the orc warrior's attack.
The orc warrior hits you from afar with a trident!
You closely miss the orc knight.
The orc knight is heavily wounded.
The orc knight hits you with a halberd.
The orc warrior hits you from afar with a halberd!
* * * LOW HITPOINT WARNING * * *
You closely miss the orc knight.
The orc knight is heavily wounded.
The orc warrior hits you from afar with a spear!!
* * * LOW HITPOINT WARNING * * *
You barely miss the orc knight.
The orc knight is heavily wounded.
The orc warrior hits you from afar with a trident!!
You die...

≈...............≈≈#.#≈≈..
≈...............≈##.##≈..
≈...............≈..^..≈..
...............≈##.##≈..
...#######....≈≈#)#≈≈..
.##....##.....≈≈≈≈≈...
##.....##...))........
##..#'''##.............
#..##∩@∩##..##.........
#.####o####.##.........
#.')#ooo#)'.##.........
#.###._.###.##.........
#.')#).:#)'.##.........
#.#########.##.........
#..##)#)##..#..........
##..#'#'#..##..........
##.......##...........


You could see an orc knight and 3 orc warriors.

Vanquished Creatures
  Erica (D:8)
  2 two-headed ogres
  Pikel (D:8)
  Psyche (D:8)
  Prince Ribbit (D:8)
  A hippogriff (D:7)
  A wyvern (D:9)
  2 wargs (D:8)
  An ice beast (D:5)
  5 orc warriors
  2 phantoms (D:4)
  A necrophage (D:7)
  A sky beast (D:6)
  6 ogres
  2 centaurs
  4 bullfrogs
  9 scorpions
  4 killer bees (D:8)
  4 wights (D:6)
  A howler monkey (D:4)
  A crimson imp (D:9)
  A bullfrog zombie (D:5)
  4 jellies
  2 centaur zombies (Ossuary)
  5 hounds
  A bullfrog skeleton (D:4)
  2 orc priests
  3 iguanas
  7 orc wizards
  Jessica (D:3)
  Ijyb (D:3)
  2 worker ants
  A killer bee zombie (D:5)
  A big kobold zombie (Ossuary)
  A hound zombie (D:6)
  A hound skeleton (D:5)
  3 mummies (Ossuary)
  8 gnolls
  2 scorpion zombies (Ossuary)
  12 adders
  5 oozes (D:8)
  3 adder zombies
  3 adder skeletons
  5 worms
  2 dart slugs (D:1)
  6 leopard geckos
  48 orcs
  2 ball pythons
  A bat skeleton (D:2)
  A bat zombie (D:2)
  6 giant cockroaches
  10 goblins
  6 hobgoblins
  6 jackals
  5 bats
  3 frilled lizards
  A giant cockroach zombie (D:2)
  A gnoll zombie (Ossuary)
  4 goblin zombies (Ossuary)
  3 hobgoblin zombies (Ossuary)
  2 jackal zombies
  6 kobolds
  3 kobold zombies (Ossuary)
  2 orc zombies (Ossuary)
  7 rats
250 creatures vanquished.

Vanquished Creatures (others)
  An orc warrior (Bailey)
  A slave (D:8)
  A goblin zombie (Ossuary)
3 creatures vanquished.

Grand Total: 253 creatures vanquished

Notes
Turn   | Place    | Note
-------+----------+-------------------------------------------
     0 | D:1      | uglyjohn the Gargoyle Berserker began the quest for the Orb.
     0 | D:1      | Reached XP level 1. HP: 14/14 MP: 1/1
   242 | D:1      | Reached XP level 2. HP: 19/19 MP: 2/2
   550 | D:1      | Reached skill level 4 in Maces & Flails
   754 | D:1      | Reached XP level 3. HP: 23/23 MP: 3/3
  1056 | D:2      | Reached ** piety under Trog
  1140 | D:2      | Reached XP level 4. HP: 28/28 MP: 4/4
  1569 | D:2      | Reached skill level 5 in Maces & Flails
  1742 | D:3      | Reached XP level 5. HP: 32/32 MP: 5/5
  2140 | D:3      | Noticed Jessica
  2147 | D:3      | Killed Jessica
  2147 | D:3      | Reached skill level 6 in Maces & Flails
  2239 | D:3      | Reached XP level 6. HP: 28/37 MP: 6/6
  2491 | D:4      | Noticed Ijyb
  2500 | D:3      | Killed Ijyb
  2642 | D:4      | Reached skill level 7 in Maces & Flails
  2843 | D:4      | Reached XP level 7. HP: 36/41 MP: 7/7
  2932 | D:4      | Reached *** piety under Trog
  2946 | D:4      | Reached skill level 8 in Maces & Flails
  3305 | D:4      | Reached skill level 9 in Maces & Flails
  3502 | D:4      | Reached XP level 8. HP: 42/46 MP: 8/8
  3682 | D:5      | Entered Level 5 of the Dungeon
  3754 | D:5      | Reached skill level 10 in Maces & Flails
  4077 | D:5      | Found a staircase to the Ecumenical Temple.
  4107 | D:5      | Found a blossoming altar of Fedhas.
  4107 | D:5      | Found an ancient bone altar of Kikubaaqudgha.
  4204 | D:5      | Found a radiant altar of Vehumet.
  4524 | D:6      | Reached skill level 11 in Maces & Flails
  4730 | D:6      | Reached XP level 9. HP: 22/51 MP: 9/9
  5379 | D:6      | Noticed a two-headed ogre
  5394 | D:6      | Killed a two-headed ogre
  5394 | D:6      | Reached skill level 12 in Maces & Flails
  5723 | D:7      | Reached **** piety under Trog
  5759 | D:7      | Reached skill level 13 in Maces & Flails
  5819 | D:7      | Found a sand-covered staircase.
  5829 | Ossuary  | Entered an ossuary
  6124 | Ossuary  | Reached XP level 10. HP: 56/56 MP: 10/10
  6471 | D:7      | Found an opulent altar of Gozag.
  6472 | D:7      | Found a sparkling altar of Nemelex Xobeh.
  6616 | D:8      | Found a staircase to the Lair.
  6646 | D:8      | Reached skill level 14 in Maces & Flails
  6920 | D:8      | Noticed Psyche
  6928 | D:8      | Killed Psyche
  6939 | D:8      | Noticed Erica
  6952 | D:8      | Killed Erica
  7086 | D:8      | Noticed Pikel
  7097 | D:8      | Killed Pikel
  7097 | D:8      | Reached skill level 15 in Maces & Flails
  7101 | D:8      | Reached ***** piety under Trog
  7327 | D:8      | Noticed Prince Ribbit
  7376 | D:8      | Killed Prince Ribbit
  7575 | D:9      | Noticed a two-headed ogre
  7585 | D:9      | Killed a two-headed ogre
  7585 | D:9      | Reached XP level 11. HP: 29/60 MP: 11/11
  7682 | D:9      | Found a staircase to the Orcish Mines.
  7781 | D:9      | Found a flagged portal.
  7860 | D:9      | Reached skill level 16 in Maces & Flails
  7887 | Bailey   | Entered a bailey
  8193 | Bailey   | Reached skill level 1 in Crossbows
  8346 | Bailey   | Found a roughly hewn altar of Beogh.
  8346 | Bailey   | Noticed an orc knight
  8358 | Bailey   | HP: 1/90 [orc warrior/spear (18)]
  8359 | Bailey   | Demolished by an orc warrior

Vault maps used:
D:1:      dpeg_arrival_houses_and_road, minmay_pentomino_u4
D:2:      serial_undead, serial_undead_a, serial_undead_c, serial_undead_a,
          serial_undead_d
D:3:      kennysheep_doodads, grunt_decor_clamped, uniq_jessica
D:4:      uniq_ijyb
D:5:      grunt_temple_overflow_growth_and_decay, lemuel_doored_altar,
          minmay_temple_entry_junction, first_bread, minmay_misc_feat_x,
          grunt_ministairs_2
D:7:      grunt_temple_overflow_opulence, enter_ossuary_1
D:8:      erik_lair_orcish_takeover, hangedman_little_slice_of_home, uniq_pikel,
          uniq_erica, uniq_prince_ribbit1, uniq_psyche
D:9:      orc_0_dummy, enter_bailey_3
Ossuary:  ossuary_minmay_scorpions
Bailey:   bailey_polearm_2, bailey

Skill      XL: |  1  2  3  4  5  6  7  8  9 10 11 |
---------------+----------------------------------+-----
Maces & Flails | 4 5 6 7 9 11 13 15 16 | 16.0
Crossbows      | 1 |  1.1
Fighting       | |  3.5
Armour         | |  2.1
Dodging        | |  1.5

Action                   |  1- 3 |  4- 6 |  7- 9 | 10-12 || total
-------------------------+-------+-------+-------+-------++-------
Melee: Mace              |   100 |   104 |       |       ||   204
       Morningstar       |       |    90 |   406 |   347 ||   843
 Fire: Arbalest          |       |       |       |    10 ||    10
Invok: Trog's Hand       |       |     1 |     4 |     7 ||    12
       Berserk           |       |       |     2 |     3 ||     5
 Abil: Evoke Flight      |       |       |       |     1 ||     1
  Use: Scroll            |     4 |     4 |     8 |     4 ||    20
       Potion            |       |       |       |     1 ||     1
 Stab: Sleeping          |     1 |       |       |       ||     1
       Invisible         |       |       |       |     2 ||     2
  Eat: Chunk             |     1 |     6 |    13 |    12 ||    32
       Fruit             |       |       |     1 |       ||     1
Armor: Animal skin       |     7 |       |       |       ||     7
       Leather armour    |    16 |       |       |       ||    16
       Ring mail         |    20 |    49 |       |       ||    69
       Chain mail        |       |    42 |   295 |   180 ||   517
Dodge: Dodged            |    62 |   106 |   191 |   120 ||   479
Block: Other             |     5 |    23 |    60 |    53 ||   141
       Reflection        |       |       |     2 |     6 ||     8
